 Dungeon Crawl Stone Soup version 0.31-a0-202-g547052bce9 (webtiles) character file.

Game seed: 9412365447540884509

72 qw the Shooter (level 4, -1/25 HPs)
             Began as a Deep Elf Hunter on June 26, 2023.
             Slain by a kobold
             ... wielding a +0 dagger of electrocution
              (9 damage)
             ... on level 2 of the Dungeon.
             The game lasted 00:00:36 (1231 turns).

qw the Shooter (Deep Elf Hunter)                    Turns: 1231, Time: 00:00:37

Health: -1/25      AC:  7    Str: 10    XL:     4   Next: 6%
Magic:  6/6        EV:  9    Int: 14    God:
Gold:   68         SH:  0    Dex: 18    Spells: 3/3 levels left

rFire   . . .        Y - +1 shortbow
rCold   . . .        (shield currently unavailable)
rNeg    . . .        g - +0 scale mail
rPois   .            (no helmet)
rElec   .            i - +0 cloak
rCorr   .            (no gloves)
SInv    .            (no boots)
Will    .....        d - amulet of regeneration
Stlth   +            (no ring)
HPRegen 1.04/turn    (no ring)
MPRegen 0.10/turn

%: no passive effects
@: no status effects
A: no striking features
a: no special abilities


You were on level 2 of the Dungeon.
You visited 1 branch of the dungeon, and saw 2 of its levels.

You collected 68 gold pieces.


   Skills:
 - Level 1.5 Fighting
 + Level 7.5 Ranged Weapons
 - Level 2.4 Dodging
 - Level 1.2 Stealth


You had 3 spell levels left.
You didn't know any spells.
Your spell library was empty.

Inventory:

Hand Weapons
 Y - a +1 shortbow (weapon)
Armour
 g - a +0 scale mail (worn)
 i - a +0 cloak (worn)
 l - a +0 ring mail
Jewellery
 d - an amulet of regeneration (around neck)
Scrolls
 a - a scroll of brand weapon {unknown}
 b - a scroll of enchant armour {unknown}
 c - a scroll of teleportation {unknown}
 f - a scroll of noise {unknown}
 h - 2 scrolls of identify
Potions
 e - 2 potions of mutation
 j - 2 potions of enlightenment
 k - a potion of attraction {unknown}

Dungeon Overview and Level Annotations

Branches:
Dungeon (2/15)

Altars:

Shops:
D:1 (:


Message History

Enter note:
Enter note:
Enter note:
Enter note:
k - an orange potion
Enter note:
Enter note:
Enter note:
Enter note:
Enter note:
Enter note:
l - a +0 ring mail You now have 52 gold pieces (gained 9).
You now have 68 gold pieces (gained 16).
You open the door.
There is an open door here.
A kobold comes into view.
It is wielding a +0 dagger of electrocution.
Found a stone staircase leading up.
Enter note:
Enter note:
Enter note:
Enter note:
Enter note:
Enter note:
Enter note:
Enter note:
Enter note: You shoot an arrow.
The arrow misses the kobold.
You shoot an arrow. The arrow barely misses the kobold.
The kobold hits you but does no damage. x2
You shoot an arrow. The arrow barely misses the kobold.
The kobold hits you with a +0 dagger of electrocution.
You are electrocuted!
Ouch! That really hurt!
You shoot an arrow. The arrow misses the kobold.
The kobold hits you but does no damage.
You shoot an arrow. The arrow closely misses the kobold.
The kobold hits you with a +0 dagger of electrocution.
The kobold hits you but does no damage.
You are electrocuted!
You die...

.#.......# #<.........#
.#.#####.###........>.#
.#....................#
.##....#.####.........##
.##.##.#.# #..........#
.##.##...# #..........#
###.###### ####'#...#.#
# #.# #.#.#.#.# ###.#
#@#.#.#.##### ...?##
#<..K.#.#...#...# ##...#
#######.###.....# #...#
#....#...#.#...# ##...#
#.##.##.#......# .....#
###.##.......#...#
#....###
#...#####...##.#.#
#......####.###
######...# #(.....##...#
#####


You could see a kobold.

Vanquished Creatures
  2 adders (D:2)
  A ball python (D:2)
  4 endoplasms
  3 giant cockroaches
  8 goblins
  6 hobgoblins
  4 jackals (D:1)
  2 quokkas
  6 bats (D:1)
  5 frilled lizards
  3 kobolds (D:1)
  6 rats (D:1)
50 creatures vanquished.

Notes
Turn   | Place    | Note
-------+----------+-------------------------------------------
     0 | D:1      | qw the Deep Elf Hunter began the quest for the Orb.
     0 | D:1      | Reached XP level 1. HP: 12/12 MP: 3/3
     0 | D:1      | 0 ||| qw: Version: 0.3-a-22-g0ed2b0b
     0 | D:1      | 0 ||| qw: Game counter: 5888
     0 | D:1      | 0 ||| qw: Melee chars always use a shield: true
     0 | D:1      | 0 ||| qw: God list: Okawaru
     0 | D:1      | 0 ||| qw: Allow faded altars: false
     0 | D:1      | 0 ||| qw: Do Orc after clearing Dungeon:15 true
     0 | D:1      | 0 ||| qw: Do second Lair branch before Depths: true
     0 | D:1      | 0 ||| qw: Lair rune preference: random
     0 | D:1      | 0 ||| qw: Goals: Normal
     0 | D:1      | 0 ||| PLANNING D:1-11
   115 | D:1      | Reached XP level 2. HP: 16/16 MP: 4/4
   127 | D:1      | Reached skill level 6 in Ranged Weapons
   186 | D:1      | 186 ||| FLEEEEING.
   192 | D:1      | 192 ||| FLEEEEING.
   193 | D:1      | 193 ||| FLEEEEING.
   195 | D:1      | 195 ||| FLEEEEING.
   470 | D:1      | Reached XP level 3. HP: 20/20 MP: 5/5
   491 | D:1      | Found Tiufem's Weapon Emporium.
   501 | D:1      | 501 ||| SHOPLISTING +9 sling of Darkness {speed, *Corrode
                  | Str+2 SInv Stlth+} (869 gold, have 13).
   569 | D:1      | HP: 5/20 [hobgoblin (1)]
   695 | D:1      | Found Wesoet's Book Emporium.
   698 | D:1      | 698 ||| UPGRADING to +0 scale mail.
   708 | D:1      | 708 ||| DROPPING +0 leather armour.
   709 | D:1      | 709 ||| UPGRADING to +0 cloak.
   725 | D:1      | 725 ||| UPGRADING to amulet of regeneration.
   744 | D:1      | 744 ||| READING scroll labelled ROLEUK EFELIL.
   745 | D:1      | 745 ||| READING 4 scrolls labelled QYLAAJ LURAE.
   746 | D:1      | 746 ||| READING scroll labelled HUVAAT AFUEMP.
   747 | D:1      | 747 ||| READING 3 scrolls of identify.
   747 | D:1      | 747 ||| IDENTIFYING fuming yellow potion
   748 | D:1      | 748 ||| READING 2 scrolls of identify.
   748 | D:1      | 748 ||| IDENTIFYING brown potion
   749 | D:1      | 749 ||| DROPPING scroll of butterflies.
   788 | D:2      | Reached skill level 7 in Ranged Weapons
  1019 | D:2      | Reached XP level 4. HP: 25/25 MP: 6/6
  1229 | D:2      | HP: 6/25 [kobold/+0 dagger of electrocution (16)]
  1231 | D:2      | Slain by a kobold

Levels and vault maps discovered:
D:1:      minmay_arrival_stone_box, layout_loops_cross, serial_shops, shop, shop
D:2:      layout_basic

Skill      XL: |  1  2  3 |
---------------+----------+-----
Ranged Weapons | 6 7 |  7.5
Fighting       | |  1.5
Dodging        | |  2.4
Stealth        | |  1.2

Action                     |  1- 3 |  4- 6 || total
---------------------------+-------+-------++-------
   Fire: Shortbow          |   131 |    12 ||   143
    Use: Scroll            |     5 |       ||     5
 Armour: Leather armour    |    15 |       ||    15
         Scale mail        |     8 |     5 ||    13
  Dodge: Dodged            |    37 |     2 ||    39

Table legend:
 A = Non-vault XP
 B = Vault XP
 C = Vault XP percentage of total XP
 D = Non-vault monster count
 E = Vault monster count
 F = Vault count percentage of total count
                 A         B        C        D         E       F
            +---------+---------+-------+---------+---------+-------
      Total |     103 |       0 |   0.0 |      50 |       0 |   0.0
            +---------+---------+-------+---------+---------+-------
        D:1 |      55 |       0 |   0.0 |      36 |       0 |   0.0
        D:2 |      48 |       0 |   0.0 |      14 |       0 |   0.0
            +---------+---------+-------+---------+---------+-------
